 Dungeon Crawl Stone Soup version 0.31-a0-161-gb58dd9be76 (webtiles) character file.

Game seed: 5190495405475006533

1720 SkeletonJelly the Martial Artist (level 9, -7/68 HPs)
             Began as a Djinni Transmuter on June 13, 2023.
             Was an Initiate of Makhleb.
             Mangled by an orc warrior
             ... wielding a +0 halberd
              (11 damage)
             ... in a bailey.
             The game lasted 00:16:37 (4825 turns).

SkeletonJelly the Martial Artist (DjTm)             Turns: 4825, Time: 00:16:37

Health: -7/68      AC:  8    Str: 15    XL:     9   Next: 24%
Gold:   328        EV: 10    Int: 19    God:    Makhleb [......] SH:  0 Dex: 14

rFire   x .          .
                       - Unarmed
rCold   + + +        (shield currently unavailable)
rNeg    . . .        G - melded +0 steam dragon scales
rPois   ∞            q - melded +0 helmet
rElec   .            (cloak currently unavailable)
rCorr   .            v - melded +0 pair of gloves
SInv    .            (boots unavailable)
Will    .....        y - amulet of regeneration
Stlth   +            A - +6 ring of strength
HPRegen 1.11/turn    x - ring of wizardry
MPRegen 0.00/turn

%: wizardry (x1), infuse magic (-8 HP)
@: ice-form, wereblooded, freezing walls, flying
A: freezing attack, flying, boosted hp, sickness immunity, large, (fire
resistance 2), (cold vulnerability 1), float, innate caster, HP casting, extra
vitality 1
a: End Transformation, Renounce Religion


You were in a bailey.
You worshipped Makhleb.
Makhleb was noncommittal.
You were a creature of crystalline ice.
You visited 2 branches of the dungeon, and saw 8 of its levels.
You also visited: Bailey.

You collected 328 gold pieces.

Inventory:

Hand Weapons
 n - the +12 spear "Boew" {antimagic, rCorr Int+4 Dex-3}
   (You found it on level 3 of the Dungeon)

   Int:       It affects your intelligence (+4).
   Dex:       It affects your dexterity (-3).
   rCorr:     It protects you from acid and corrosion.
 B - the +3 long sword of Zoipt {speed, rF+ rC+}
   (You found it on level 5 of the Dungeon)

   rF:        It protects you from fire.
   rC:        It protects you from cold.
Missiles
 s - 4 throwing nets
 w - 4 poisoned darts
Armour
 a - a +0 robe
 q - a +0 helmet (melded)
 v - a +0 pair of gloves (melded)
 G - +0 steam dragon scales (melded)
Jewellery
 e - a ring of see invisible
 o - an amulet of the acrobat
 u - a ring of positive energy
 x - a ring of wizardry (right front paw)
 y - an amulet of regeneration (around neck)
 A - a +6 ring of strength (left front paw)
 F - a +6 ring of strength
Wands
 t - a wand of iceblast (8)
 C - a wand of paralysis (3)
Scrolls
 d - 3 scrolls of identify
 f - a scroll of blinking {unknown}
 g - a scroll of teleportation
 h - a scroll of silence {unknown}
 j - a scroll of immolation {unknown}
 k - a scroll of noise {unknown}
 l - a scroll of amnesia {unknown}
 p - 2 scrolls of revelation
 r - a scroll of vulnerability {unknown}
 D - a scroll of poison {unknown}
Potions
 b - 4 potions of lignification
 c - a potion of enlightenment {unknown}
 i - a potion of curing {unknown}
 m - a potion of brilliance {unknown}
 z - 2 potions of ambrosia {unknown}
 E - 2 potions of magic {unknown}
 H - a potion of degeneration {unknown}


   Skills:
 - Level 1.0 Fighting
 - Level 2.1 Dodging
 + Level 8.5 Unarmed Combat
 + Level 6.3 Spellcasting
 + Level 6.3 Conjurations
 + Level 6.3 Hexes
   Level 0.0 Charms
 + Level 6.3 Summonings
 + Level 6.3 Necromancy
 + Level 6.3 Translocations
 + Level 6.3 Transmutations
 + Level 6.3 Fire Magic
 + Level 6.3 Ice Magic
 + Level 6.3 Air Magic
 + Level 6.3 Earth Magic
 + Level 6.3 Poison Magic


You knew the following spells:

 Your Spells              Type           Power      Damage    Failure   Level
a - Beastly Appendage     Tmut           60%        N/A       1%          1
b - Shock                 Conj/Air       100%       1d9       1%          1
c - Ensorcelled Hibernat  Hex/Ice        60%        N/A       1%          2
g - Gell's Gravitas       Tloc           30%        N/A       1%          3
q - Spider Form           Tmut/Pois      30%        N/A       1%          3
r - Frozen Ramparts       Ice            60%        1d10      1%          3
s - Wereblood             Tmut           30%        N/A       1%          2
w - Ice Form              Ice/Tmut       30%        N/A       3%          4
Your spell library was empty.

Dungeon Overview and Level Annotations

Branches:
Dungeon (7/15)             Temple (1/1) D:6          Bailey (1/1)

Altars:
Cheibriados
Fedhas
Hepliaklqana
Makhleb
Nemelex Xobeh
Okawaru
Qazlal
Ru
Trog
Uskayaw
Xom
Zin

Annotations:
Bailey 2 runed translucent doors


Innate Abilities, Weirdness & Mutations

You are a creature of crystalline ice.
You have a powerful freezing melee attack.
You are flying.
Your maximum health is increased.
Your armour is entirely melded.
You are incapable of wielding weapons or throwing items.
You are immune to sickness and miasma.
You are immune to poison.
((Your flesh is very heat resistant. (rF++)))
((You are vulnerable to cold. (rC-)))
You float through the air rather than walking.
You learn spells naturally, not from books.
Your magical power is your life essence.
You have superior vitality. (+4 MHP)


Message History

The orc hits you from afar with a +0 halberd.
The orc hits you but does no damage.
You take 3 damage, and have 65/68 hp.
You punch the orc! You freeze the orc.
You feel a bit better.
You kill the orc!
Makhleb accepts your kill. The orc warrior barely misses you.
The orc closely misses you.
Health restored: 68 You howl as the wereblood boils in your veins!
You hear a shout!
The orc warrior hits you from afar with a +0 spear.
The orc warrior completely misses you. The orc misses you.
You hear a shout!
You take 4 damage, and have 64/68 hp.
You hit the orc warrior. You freeze the orc warrior.
The orc warrior is lightly wounded.
The orc warrior hits you from afar with a +0 spear.
The orc warrior hits you but does no damage.
The orc hits you with a +0 halberd.
You take 6 damage, and have 58/68 hp.
You punch the orc warrior! You freeze the orc warrior.
The orc warrior is severely wounded.
You howl as the wereblood boils in your veins!
The orc warrior hits you from afar with a +0 spear.
The orc warrior barely misses you. The orc hits you but does no damage.
You take 2 damage, and have 56/68 hp.
You pummel the orc warrior!! You freeze the orc warrior.
You feel a bit better.
You kill the orc warrior!
Makhleb accepts your kill.
You howl as the wereblood boils in your veins!
The orc warrior hits you but does no damage.
You regained 2 hp, and now have 58/68 hp.
You pummel the orc!! You freeze the orc.
You feel a bit better.
You kill the orc!
Makhleb accepts your kill.
You regained 3 hp, and now have 61/68 hp.
Casting: Ice Form (dangerous; 3% risk of failure)
Confirm with . or Enter, or press ? or * to list all spells.
Casting: Frozen Ramparts (safe; 1% risk of failure)
Press: ? - help, Dir - look around, f - activate The walls around you are covered in ice.
An orc warrior comes into view. It is wielding a +0 halberd.
The wall freezes the orc.
The wall freezes the orc warrior but does no damage.
The orc warrior hits you from afar with a +0 spear.
You take 4 damage, and have 57/68 hp.
Your frozen ramparts will break if you move.
Continue?
The frozen ramparts melt away as you move.
The orc warrior hits you with a +0 spear.
Things that are here:
a +0 spear; a +0 scale mail You take 3 damage, and have 55/68 hp.
Casting: Frozen Ramparts (safe; 1% risk of failure)
Confirm with . or Enter, or press ? or * to list all spells.
Casting: Frozen Ramparts (safe; 1% risk of failure)
Press: ? - help, Dir - look around, f - activate The walls around you are covered in ice.
The wall freezes the orc!
You kill the orc!
Makhleb accepts your kill.
The wall freezes the orc warrior.
The orc warrior hits you but does no damage.
The wall freezes the orc warrior.
The wall freezes the orc knight but does no damage.
The orc knight hits you with a +0 bardiche.
You take 5 damage, and have 50/68 hp.
You punch the orc knight! You freeze the orc knight.
The orc knight is lightly wounded.
An orc comes into view. It is wielding a +0 halberd.
The wall freezes the orc warrior.
The orc warrior hits you from afar with a +0 halberd.
The wall freezes the orc warrior but does no damage.
The orc warrior hits you with a +0 spear.
The wall freezes the orc knight but does no damage.
The orc knight hits you with a +0 bardiche!!
You take 25 damage, and have 25/68 hp.
MASSIVE DAMAGE!!
You hit the orc knight but do no damage.
The orc knight is lightly wounded.
The wall freezes the orc warrior.
The orc warrior hits you from afar with a +0 halberd.
The wall freezes the orc warrior but does no damage.
The orc warrior hits you with a +0 spear!
* * * LOW HITPOINT WARNING * * *
The wall freezes the orc knight but does no damage.
The orc knight hits you with a +0 bardiche!
* * * LOW HITPOINT WARNING * * *
You take 22 damage, and have 3/68 hp.
MASSIVE DAMAGE!!
Okay, then.
Unknown command.
Okay, then.
Unknown command.
Unknown command.
Unknown command.
Unknown command.
You punch the orc knight! You freeze the orc knight.
The orc knight is moderately wounded.
The wall freezes the orc but does no damage.
The wall freezes the orc warrior.
The orc warrior hits you from afar with a +0 halberd!
You die...

##.#..####''####.
# #..............
##...8....8...#
#..########..#
#..##[$!?# .#
#..#[$)?? #
#..#..# #..#..#
#oY#.....
#o.##.... #.o#
#++# #.o.


oo. ..... .. #$.#### #### You could see an orc knight, 2 orc warriors and an
orc.

Vanquished Creatures
  Sigmund (D:2)
  2 steam dragons (D:6)
  An orc warrior (Bailey)
  A centaur (D:7)
  A phantom (D:5)
  A gnoll sergeant (D:5)
  2 scorpions
  4 wights (D:5)
  A jelly (D:6)
  An orc priest (D:4)
  2 hounds (D:5)
  2 gnoll boudas
  An iguana (D:6)
  2 orc wizards
  20 gnolls
  10 adders
  4 white imps (D:6)
  2 ufetubi (D:5)
  A worm (D:4)
  3 dart slugs
  10 orcs
  5 ball pythons
  7 endoplasms
  2 giant cockroaches
  8 hobgoblins
  8 jackals
  5 quokkas
  6 bats
  2 frilled lizards
  15 goblins
  7 kobolds
  9 rats
146 creatures vanquished.

Vanquished Creatures (others)
  An adder (D:6)
1 creature vanquished.

Grand Total: 147 creatures vanquished

Notes
Turn   | Place    | Note
-------+----------+-------------------------------------------
     0 | D:1      | SkeletonJelly the Djinni Transmuter began the quest for the
                  | Orb.
     0 | D:1      | SkeletonJelly set off with the following spells memorised:
                  | Beastly Appendage, Wereblood, Spider Form, Ice Form.
     0 | D:1      | Reached XP level 1. HP: 17/17 MP: 0/0
   140 | D:1      | Reached XP level 2. HP: 14/22 MP: 0/0
   739 | D:1      | Reached XP level 3. HP: 23/27 MP: 0/0
   739 | D:1      | Learned a level 1 spell: Shock
  1455 | D:2      | Reached XP level 4. HP: 24/32 MP: 0/0
  1493 | D:2      | Noticed Sigmund
  1506 | D:2      | Killed Sigmund
  1507 | D:2      | Reached skill level 4 in Unarmed Combat
  1507 | D:2      | Reached XP level 5. HP: 35/37 MP: 0/0
  1507 | D:2      | Learned a level 2 spell: Ensorcelled Hibernation
  1507 | D:2      | Reached XP level 6. HP: 40/42 MP: 0/0
  1537 | D:2      | Reached skill level 5 in Unarmed Combat
  1706 | D:2      | Found a bloodstained altar of Trog.
  2076 | D:3      | Found a sacrificial altar of Ru.
  2318 | D:3      | Identified the +12 spear "Boew" {antimagic, rCorr Int+4
                  | Dex-3}
  2558 | D:4      | Reached XP level 7. HP: 44/47 MP: 0/0
  2558 | D:4      | Learned a level 3 spell: Gell's Gravitas
  2960 | D:4      | Reached skill level 6 in Unarmed Combat
  3377 | D:5      | Entered Level 5 of the Dungeon
  3478 | D:5      | Reached XP level 8. HP: 52/52 MP: 0/0
  3487 | D:5      | Reached skill level 5 in Spellcasting
  3487 | D:5      | Reached skill level 5 in Conjurations
  3487 | D:5      | Reached skill level 5 in Hexes
  3487 | D:5      | Reached skill level 5 in Summonings
  3487 | D:5      | Reached skill level 5 in Necromancy
  3487 | D:5      | Reached skill level 5 in Translocations
  3487 | D:5      | Reached skill level 5 in Transmutations
  3487 | D:5      | Reached skill level 5 in Fire Magic
  3487 | D:5      | Reached skill level 5 in Ice Magic
  3487 | D:5      | Reached skill level 5 in Air Magic
  3487 | D:5      | Reached skill level 5 in Earth Magic
  3487 | D:5      | Reached skill level 5 in Poison Magic
  3530 | D:5      | Identified the +3 long sword of Zoipt {speed, rF+ rC+}
  3589 | D:5      | Reached skill level 7 in Unarmed Combat
  3937 | D:6      | Reached skill level 8 in Unarmed Combat
  3937 | D:6      | Reached XP level 9. HP: 46/57 MP: 0/0
  3937 | D:6      | Learned a level 3 spell: Frozen Ramparts
  4148 | D:6      | Found a staircase to the Ecumenical Temple.
  4214 | Temple   | Entered the Ecumenical Temple
  4214 | Temple   | Found a transporter.
  4214 | Temple   | Found a transporter.
  4216 | Temple   | Found a transporter.
  4216 | Temple   | Found a transporter.
  4248 | Temple   | Became a worshipper of Makhleb the Destroyer
  4754 | D:7      | Found a flagged portal.
  4770 | Bailey   | Entered a bailey
  4804 | Bailey   | Found a large runed translucent door.
  4804 | Bailey   | Found a large runed translucent door.
  4807 | Bailey   | Noticed a deep elf pyromancer
  4807 | Bailey   | Noticed an orc knight
  4809 | Bailey   | Found the +5 Lochaber axe {reach-cleave, Poleaxe Drain}
  4824 | Bailey   | HP: 3/68 [orc knight/+0 bardiche (10)]
  4825 | Bailey   | Mangled by an orc warrior

Illustrated notes

Levels and vault maps discovered:
D:1:      lightli_arrival_statue_moat, layout_basic
D:2:      layout_rooms, basic_altar, uniq_sigmund
D:3:      layout_rooms, marbit_many_paths
D:4:      layout_basic
D:5:      layout_gridville
D:6:      layout_loops_ring, temple_hall
D:7:      layout_loops_cross, mainiacjoe_overflow_tiny_flanked, enter_bailey_5,
          serial_shops, kennysheep_little_box, kennysheep_doodads
Temple:   hellmonk_temple_divided_pantheon
Bailey:   bailey_polearm_elven_captive_hellmonk, bailey

Skill      XL: |  1  2  3  4  5  6  7  8  9 |
---------------+----------------------------+-----
Unarmed Combat | 4 5 6 8 |  8.5
Spellcasting   | 3 4 5 6 |  6.3
Conjurations   | 3 4 5 6 |  6.3
Hexes          | 3 4 5 6 |  6.3
Summonings     | 3 4 5 6 |  6.3
Necromancy     | 3 4 5 6 |  6.3
Translocations | 3 4 5 6 |  6.3
Transmutations | 3 4 5 6 |  6.3
Fire Magic     | 3 4 5 6 |  6.3
Ice Magic      | 3 4 5 6 |  6.3
Air Magic      | 3 4 5 6 |  6.3
Earth Magic    | 3 4 5 6 |  6.3
Poison Magic   | 3 4 5 6 |  6.3
Fighting       | |  1.0
Dodging        | |  2.1

Action                     |  1- 3 |  4- 6 |  7- 9 || total
---------------------------+-------+-------+-------++-------
  Melee: Unarmed           |   156 |    86 |   146 ||   388
         Headbutt          |     9 |     2 |       ||    11
         Punch             |     1 |     1 |       ||     2
   Cast: Beastly Appendage |    21 |     1 |       ||    22
         Wereblood         |    17 |    13 |    22 ||    52
         Spider Form       |     2 |    15 |    11 ||    28
         Ice Form          |       |       |    11 ||    11
         Frozen Ramparts   |       |       |     3 ||     3
    Use: Scroll            |       |       |     2 ||     2
   Stab: Sleeping          |       |       |     1 ||     1
 Armour: Robe              |    32 |     7 |     1 ||    40
         Skin              |     1 |     3 |    33 ||    37
  Dodge: Dodged            |   127 |    91 |   107 ||   325

Table legend: (Time is in decaauts)
 A = Elapsed time spent in this place.
 B = Non-inter-level travel time spent in this place.
 C = Inter-level travel time spent in this place.
 D = Time resting spent in this place.
 E = Time spent auto-exploring this place.
 F = Levels seen in this place.
 G = Mean time per level.
                   A        B        C        D        E       F      G
               +--------+--------+--------+--------+--------+-----+--------+
         Total |   4788 |   4463 |    325 |      0 |   3442 |   9 |  532.0 |
       Dungeon |   4682 |   4377 |    305 |      0 |   3402 |   7 |  668.9 |
        Temple |     52 |     32 |     20 |      0 |      7 |   1 |   52.0 |
        Bailey |     53 |     53 |      0 |      0 |     33 |   1 |   53.0 |
               +--------+--------+--------+--------+--------+-----+--------+

Top non-repeatable levels by time:
     D:1: 1060 daAuts
     D:6: 882 daAuts
     D:4: 850 daAuts
     D:3: 725 daAuts
     D:2: 720 daAuts
     D:5: 408 daAuts
  Bailey: 53 daAuts
  Temple: 52 daAuts
     D:7: 35 daAuts
